 Dungeon Crawl Stone Soup version 0.21.1-1-g345015f (webtiles) character file.

1052 inc the Thaumaturge (level 8, 0/50 HPs)
             Began as an Octopode Venom Mage on June 17, 2018.
             Killed from afar by an orc wizard (11 damage)
             ... with a puff of frost
             ... on level 5 of the Dungeon.
             The game lasted 00:12:22 (5545 turns).

inc the Thaumaturge (Octopode Venom Mage)           Turns: 5545, Time: 00:12:22

Health: 0/50       AC: -11   Str:  7    XL:     8   Next: 26%
Magic:  20/20      EV: 13    Int: 19    God:
Gold:   186        SH:  0    Dex: 13    Spells: 17/23 levels left

rFire    . . .     SeeInvis .   h - +1 spear (pierce)
rCold    . . .     Gourm    .   (no shield)
rNeg     . . .     Faith    .   (helmet restricted)
rPois    .         Spirit   .   (no amulet)
rElec    .         Reflect  .   (no ring)
rCorr    .         Harm     .   (no ring)
MR       .....                  (no ring)
Stlth    +++.......             (no ring)
HPRegen  0.16/turn              (no ring)
MPRegen  0.17/turn              (no ring)
                                (no ring)
                                (no ring)

@: corroded, very slightly contaminated
A: almost no armour, stealthy swim, amphibious, 8 rings, constrict 8, camouflage
1, gelatinous body 1
a: no special abilities


You were on level 5 of the Dungeon.
You were very hungry.

You visited 1 branch of the dungeon, and saw 6 of its levels.
You also visited: Ossuary.

You collected 186 gold pieces.

Inventory:

Hand Weapons
 f - a +0 short sword
 h - a +1 spear of piercing (weapon)
 i - a +0 blowgun
 k - a +1 antimagic falchion
Missiles
 j - 41 poisoned needles
Jewellery
 l - an uncursed ring of ice
Scrolls
 m - a scroll of fog
 n - 2 scrolls of teleportation
 p - a scroll of random uselessness
 r - a scroll of remove curse
 s - 2 scrolls of identify
 u - a scroll of fear
Potions
 d - 2 potions of curing
 e - a potion of agility {unknown}
 o - 2 potions of magic
 q - a potion of degeneration {unknown}
 t - 2 potions of heal wounds
 v - a potion of brilliance {unknown}
Books
 a - a Young Poisoner's Handbook

   Spells                             Type                      Level
   a - Sting                          Conjuration/Poison           1
   b - Poisonous Vapours              Poison/Air                   2
   c - Mephitic Cloud                 Conjuration/Poison/Air       3
   d - Olgreb's Toxic Radiance        Poison                       4
   e - Venom Bolt                     Conjuration/Poison           5
Comestibles
 c - 4 rations


   Skills:
 + Level 1.8 Fighting
 - Level 2.0 Dodging
 - Level 2.6 Stealth
 + Level 8.1 Spellcasting
 - Level 1.5 Conjurations
 - Level 0.5 Air Magic
 - Level 4.8 Poison Magic


You had 17 spell levels left.
You knew the following spells:

 Your Spells              Type           Power        Failure   Level  Hunger
a - Sting                 Conj/Pois      ###.         2%          1    None
b - Poisonous Vapours     Pois/Air       ###...       4%          2    None
c - Mephitic Cloud        Conj/Pois/Air  ###.....     11%         3    None


Dungeon Overview and Level Annotations

Branches:
Dungeon (6/15)
 Temple: D:4-7

Altars:
Qazlal
Yredelemnul
Zin

Annotations:
D:5 LairdRich's ghost, novice MiBe


Innate Abilities, Weirdness & Mutations

You cannot wear most types of armour.
You are very stealthy in the water. (Stealth+)
You are amphibious.
You can wear up to eight rings at the same time.
You can use your tentacles to constrict eight enemies at once.
Your skin changes colour to match your surroundings (Stealth+).
Your rubbery body absorbs attacks. (AC +1, EV +1)


Message History

The sting hits the jelly.
The jelly completely resists.
The jelly is moderately wounded.
The jelly closely misses you.
The orc wizard casts a spell.
The orc wizard flickers and vanishes!
Deactivating autopickup; reactivate with Ctrl-A.
You hit the jelly. The acid corrodes you!
Your tentacles burn!
The jelly is heavily wounded.
The jelly hits you. The acid corrodes you!
You are splashed with acid!
The acid burns!
* * * LOW HITPOINT WARNING * * *
Unknown command.
Okay, then.
Blink to where?
Press: ? - help, Dir - move target cursor, p - jelly You are very lightly contaminated with residual magic.
As you read the scroll of blinking, it crumbles to dust.
A puff of frost appears from out of thin air!
The puff of frost hits you!
You die...

#.### #...# #####.# ......#
###### ####### #....#
#############....##########
.........................>#
....########...........#### ....#
###....@####..#### ....#
#....#.## #......#
....######....#.# #......#
..............#.# #......###
.....##......##.#####.......#
......#......##.#.......###.#
†...#.#......##.#.####..#.#.#
....#...........#.......#.#.#####
..###.........J##.........#......


There were no monsters in sight!

Vanquished Creatures
  2 bullfrogs
  4 scorpions
  3 howler monkeys
  A crimson imp (D:5)
  A centaur zombie (Ossuary)
  2 human zombies (Ossuary)
  A bullfrog skeleton (D:4)
  A centaur skeleton (D:4)
  2 hounds
  An orc priest (D:5)
  An iguana (D:4)
  4 worker ants
  A big kobold zombie (Ossuary)
  A hound skeleton (D:6)
  2 mummies (Ossuary)
  A gnoll (D:1)
  5 adders
  A shadow imp (D:5)
  An ooze (D:4)
  2 dart slugs
  A leopard gecko (D:1)
  5 orcs
  4 giant cockroaches
  3 goblins
  5 hobgoblins
  9 jackals
  7 kobolds
  4 quokkas
  4 bats
  6 frilled lizards
  4 goblin zombies (Ossuary)
  11 hobgoblin zombies (Ossuary)
  2 jackal zombies (Ossuary)
  9 kobold zombies (Ossuary)
  6 orc zombies (Ossuary)
  3 quokka skeletons
  17 rats
  A rat zombie (Ossuary)
138 creatures vanquished.

Notes
Turn   | Place    | Note
-------+----------+-------------------------------------------
     0 | D:1      | inc the Octopode Venom Mage began the quest for the Orb.
     0 | D:1      | Reached XP level 1. HP: 11/11 MP: 3/3
    67 | D:1      | Reached XP level 2. HP: 17/17 MP: 1/5
    76 | D:1      | Learned a level 2 spell: Poisonous Vapours
   362 | D:1      | Reached XP level 3. HP: 12/21 MP: 0/6
  1337 | D:2      | Reached XP level 4. HP: 17/27 MP: 1/7
  1680 | D:2      | Found a faded altar of an unknown god.
  1787 | D:2      | Reached skill level 3 in Spellcasting
  2393 | D:4      | Reached XP level 5. HP: 31/31 MP: 3/10
  2452 | D:5      | Entered Level 5 of the Dungeon
  2471 | D:4      | Reached skill level 4 in Spellcasting
  2559 | D:4      | Found a glowing silver altar of Zin.
  2654 | D:4      | Reached XP level 6. HP: 22/36 MP: 9/13
  2863 | D:4      | Found a basalt altar of Yredelemnul.
  2989 | D:4      | Reached skill level 5 in Spellcasting
  3526 | D:5      | Learned a level 3 spell: Mephitic Cloud
  3557 | D:5      | Reached skill level 6 in Spellcasting
  3557 | D:5      | Reached XP level 7. HP: 29/41 MP: 9/16
  4027 | D:5      | Reached skill level 7 in Spellcasting
  4049 | D:5      | Noticed LairdRich's ghost (novice MiBe)
  4193 | D:6      | Reached XP level 8. HP: 16/46 MP: 0/19
  4644 | D:6      | Found a stormy altar of Qazlal.
  4799 | D:6      | Found a sand-covered staircase.
  4804 | Ossuary  | Entered an ossuary
  4954 | Ossuary  | Reached skill level 1 in Fighting
  4954 | Ossuary  | Reached skill level 8 in Spellcasting
  5545 | D:5      | Killed from afar by an orc wizard

Skill      XL: |  1  2  3  4  5  6  7  8 |
---------------+-------------------------+-----
Poison Magic   | 4 |  4.8
Spellcasting   | 3 4 6 7 8 |  8.1
Fighting       | 1 |  1.8
Dodging        | |  2.0
Stealth        | |  2.6
Conjurations   | |  1.5
Air Magic      | |  0.5

Action                   |  1- 3 |  4- 6 |  7- 9 || total
-------------------------+-------+-------+-------++-------
Melee: Unarmed           |    21 |       |       ||    21
       Constrict         |     9 |    11 |    40 ||    60
       Tentacles         |     7 |    12 |    20 ||    39
       Short sword       |     9 |     6 |       ||    15
       Spear             |       |    37 |   163 ||   200
 Cast: Sting             |    31 |    21 |     4 ||    56
       Poisonous Vapours |    11 |    49 |    28 ||    88
  Use: Potion            |     2 |       |     3 ||     5
       Scroll            |       |     3 |     8 ||    11
 Stab: Sleeping          |     1 |     4 |     2 ||     7
  Eat: Chunk             |     1 |     7 |     1 ||     9
       Ration            |       |     1 |     1 ||     2
Armor: Skin              |     7 |     1 |     9 ||    17
Dodge: Dodged            |    20 |    30 |   115 ||   165
